 Dungeon Crawl Stone Soup version 0.29.0-15-g675c0067aa (webtiles) character file.

Game seed: 2883554509377525590

106187 qw the Warrior (level 15, -8/228 HPs)
             Began as a Minotaur Berserker on Sept 12, 2022.
             Was an Elder of Trog.
             Mangled by Donald
             ... wielding a +0 broad axe
              (26 damage)
             ... on level 1 of the Swamp.
             The game lasted 00:10:56 (30595 turns).

qw the Warrior (Minotaur Berserker)                Turns: 30595, Time: 00:10:57

Health: -8/228     AC: 27    Str: 32    XL:     15   Next: 96%
Magic:  14/14      EV: 16    Int:  6    God:    Trog [****..]
Gold:   380        SH: 17    Dex: 13    Spells: 14/14 levels left

rFire   . . .      SeeInvis +   k - +0 broad axe
rCold   + + +      Faith    .   t - +0 kite shield
rNeg    . . .      Spirit   .   u - +7 chain mail of Compression {rPois rF- rC++ Will+}
rPois   +          Reflect  +   (helmet unavailable)
rElec   .          Harm     .   s - scarf {rC+ rF+}
rCorr   .          Rampage  .   q - +3 pair of gloves "Esmuzyifuj" {Int+3 Dex+3}
Will    ++...                   j - +1 pair of boots
Stlth   ..........              c - amulet of reflection
HPRegen 0.48/turn               b - ring of see invisible
MPRegen 0.14/turn               o - +4 ring of evasion

@: berserking (expiring), very quick
A: horns 3, retaliatory headbutt, hooves 1, sense surroundings 1, strong 1,
MP-powered wands
a: Renounce Religion, Berserk, Trog's Hand, Brothers in Arms


You were on level 1 of the Swamp.
You worshipped Trog.
Trog was greatly pleased with you.
You visited 4 branches of the dungeon, and saw 23 of its levels.
You visited the Abyss 1 time.
You also visited: Sewer.

You collected 2375 gold pieces.
You spent 1995 gold pieces at shops.


Innate Abilities, Weirdness & Mutations

You have a pair of large horns on your head.
You reflexively headbutt those who attack you in melee.
You have large cloven feet.
You passively map a small area around you.
Your muscles are strong. (Str +4, Int/Dex -1)
You expend magic power (3 MP) to strengthen your wands.


   Skills:
 - Level 19.0 Fighting
 - Level 18.0 Axes
 - Level 9.0 Throwing
 - Level 14.0 Armour
 - Level 10.0 Dodging
 + Level 11.6 Shields


You had 14 spell levels left.
You didn't know any spells.
Your spell library was empty.

Inventory:

Hand Weapons
 k - a +0 broad axe (weapon)
 v - a +0 demon whip of venom
Missiles
 l - 8 boomerangs (quivered)
Armour
 d - a +0 cloak
 j - a +1 pair of boots (worn)
 q - the +3 pair of gloves "Esmuzyifuj" (worn) {Int+3 Dex+3}
   (You found it on level 3 of the Lair of Beasts)

   Int:       It affects your intelligence (+3).
   Dex:       It affects your dexterity (+3).
 s - a scarf of resistance (worn)
 t - a +0 kite shield (worn)
 u - the +7 chain mail of Compression (worn) {rPois rF- rC++ Will+}
   (You found it on level 3 of the Lair of Beasts)

   rF:        It makes you vulnerable to fire.
   rC:        It greatly protects you from cold.
   rPois:     It protects you from poison.
   Will:      It increases your willpower.
 x - a +3 plate armour of fire resistance
Jewellery
 a - a ring of protection from fire
 b - a ring of see invisible (left hand)
 c - an amulet of reflection (around neck)
 o - a +4 ring of evasion (right hand)
 p - a +4 ring of evasion
 z - a ring of fire
Wands
 e - a wand of digging (13)
Scrolls
 i - 13 scrolls of identify
 y - a scroll of teleportation
Potions
 f - 18 potions of curing
 g - 2 potions of haste
 h - 8 potions of might
 m - 5 potions of mutation

Dungeon Overview and Level Annotations

Branches:
Dungeon (15/15)            Temple (0/1) D:4            Lair (5/5) D:9
  Swamp (1/4) Lair:2       Spider (0/4) Lair:3        Slime (0/5) Lair:4
    Orc (2/2) D:9             Elf (0/3) Orc:2        Vaults (0/5) D:14
 Depths (0/4) D:15          Sewer (visited)

Altars:
Ashenzari
Gozag
Xom
Yredelemnul

Shops:
D:1 (   D:4 [   D:6 *   D:8 *=:   Orc:1 :   Orc:2 ([=!

Annotations:
Lair:3 3 runed translucent doors, qw's ghost, journeyman GrBe; qw's ghost, journeyman MiBe
Swamp:1 Donald


Message History

The spriggan rider hits you from afar with a +0 spear!
You block Donald's attack.
You barely miss Donald. You headbutt Donald!!
Donald is moderately wounded.
You slice the tyrant leech!! You barely miss the swamp worm.
The spriggan rider completely misses you.
The swamp worm fires a harpoon shot at you.
The harpoon shot hits you.
You are yanked forward by the harpoon shot.
Splash!
You fall into the shallow water.
Moving in this stuff is going to be slow.
Your unstable footing causes you to fumble your attack.
Your surroundings suddenly seem different.
Splash!
Donald shouts!
The swamp dragon bites you but does no damage.
The swamp dragon closely misses you. The swamp dragon tramples you.
You stumble backwards!
Splash!
You fall into the shallow water.
Moving in this stuff is going to be slow.
Your unstable footing causes you to fumble your attack.
You block the swamp dragon's attack.
The swamp dragon claws you but does no damage.
The swamp dragon barely misses you.
Your unstable footing causes you to fumble your attack.
The swamp dragon breathes poison at you.
The blast of poison misses you.
You hit the swamp dragon.
The swamp dragon is almost dead.
Your unstable footing causes you to fumble your attack.
You kill the swamp dragon!
Trog accepts your kill.
A tyrant leech comes into view.
You see here a swamp worm corpse.
Donald blocks your attack.
Donald is moderately wounded.
Donald hits you with a +0 broad axe!!
You die...

~ ~~.~..77).7 * * * *
~ ~.7....~~.7
~.~~~...~77 7
.77.~....7 77.., ~ ,
7777~.<.7~...~ * ,
77¤.~.%.~7....~ *
7~....0000...~~ * ,
777~....000...~~.
7~..7~¤.0@07~....
77$..777.)@.0...$. ~ ~
,~77~¤~w777.~~.......,
...~...~~7.~~.¤~..w.
..!~~~~~.wi.~777~... ~
~ ~...~~~~..~777 *...~
~ ~.7..~~..t.7 ,.~~~ *
~7~~..)...~~77777 .~ *
77.....~w@wiw..77* ~


You could see Donald (fast, strong), 2 tyrant leeches, a spriggan rider and a
ghost crab.

Vanquished Creatures
  Rupert (Lair:4)
  2 tentacled starspawn (Abyss:2)
  Gastronok (D:8)
  An orc warlord (Orc:2)
  A stone giant (D:15)
  A bunyip (Swamp:1)
  Azrael (D:12)
  A yellow draconian (Abyss:2)
  Snorg (D:10)
  An eidolon (Abyss:2)
  5 boulder beetles
  Fannar (D:10)
  Harold (D:11)
  4 centaur warriors
  Erolcha (D:12)
  6 hydras
  A catoblepas (Lair:5)
  4 two-headed ogres
  Erica (D:8)
  3 tengu warriors (D:15)
  3 orc high priests (Orc:2)
  Urug (Lair:2)
  4 death yaks
  Amaemon (Lair:3)
  Sonja (D:10)
  2 wretched stars (Abyss:2)
  A swamp dragon (Swamp:1)
  A necromancer (D:14)
  4 orc knights (Orc:2)
  7 orc sorcerers (Orc:2)
  4 large abominations (Abyss:2)
  A wolf spider (D:15)
  3 cyclopes
  2 oklob plants (Lair:4)
  A worldbinder (Abyss:2)
  6 manticores
  21 elephants
  Joseph (D:8)
  Maurice (D:9)
  3 black mambas
  2 torpor snails
  5 smoke demons (Abyss:2)
  An unseen horror (shapeshifter) (D:15)
  3 gargoyles (D:12)
  7 kobold demonologists
  10 komodo dragons
  An orange demon (Lair:3)
  6 cane toads
  3 rime drakes
  An efreet (Abyss:2)
  Psyche (D:12)
  A burning bush (Lair:5)
  3 trolls
  5 polar bears
  3 tyrant leeches (Lair:2)
  3 ancient zymes (Abyss:2)
  8 slime creatures
  7 hornets
  11 dream sheep
  11 blink frogs
  Sigmund (D:2)
  12 spriggans
  3 wraiths
  55 yaks
  A vampire (D:11)
  3 wyverns
  3 basilisks
  Grum (D:11)
  2 fire elementals (D:12)
  3 fire bats (Abyss:2)
  6 golden eyes (Abyss:2)
  2 steam dragons
  7 vampire mosquitoes
  Menkaure (D:7)
  6 wargs
  An acid dragon (D:6)
  2 swamp worms
  2 hell hounds (D:12)
  11 water moccasins
  11 black bears
  2 ice beasts (D:5)
  24 orc warriors
  2 sky beasts
  4 ogres
  3 boggarts (Lair:5)
  3 centaurs
  21 wolves
  2 small abominations (Abyss:2)
  A phantom (D:6)
  8 kobold brigands
  17 bullfrogs
  5 gnoll sergeants
  6 scorpions
  4 wights (D:8)
  13 killer bees
  2 jellies
  2 electric eels (D:7)
  6 howler monkeys
  A crimson imp (Abyss:2)
  2 hounds
  2 gnoll boudas
  13 orc priests
  10 hell rats
  2 iguanas
  An iron imp (Abyss:2)
  19 orc wizards
  38 gnolls
  A river rat (D:4)
  8 adders
  2 white imps
  An ufetubus (Abyss:2)
  5 worms
  2 dart slugs
  63 orcs
  4 bats
  8 endoplasms
  11 giant cockroaches
  3 hobgoblins
  10 quokkas
  9 ball pythons
  16 frilled lizards
  10 goblins
  24 kobolds
  5 rats
726 creatures vanquished.

Vanquished Creatures (collateral kills)
  A boulder beetle (Lair:2)
  A hydra (Lair:3)
  3 death yaks (Lair:1)
  A hornet (Lair:5)
  A blink frog (Lair:2)
  2 spriggans (Lair:5)
  A black bear (Lair:5)
10 creatures vanquished.

Vanquished Creatures (others)
  A white imp (Abyss:2)
  A bush (Lair:5)
  85 fungi
  91 plants
  4 starspawn tentacles (Abyss:2)
  6 withered plants (Lair:3)
188 creatures vanquished.

Grand Total: 924 creatures vanquished

Notes
Turn   | Place    | Note
-------+----------+-------------------------------------------
     0 | D:1      | qw the Minotaur Berserker began the quest for the Orb.
     0 | D:1      | Reached XP level 1. HP: 19/19 MP: 0/0
     0 | D:1      | 0 ||| qw: Version: 0.1-a-119-g272c26d
     0 | D:1      | 0 ||| qw: Game counter: 10987
     0 | D:1      | 0 ||| qw: Always use a shield: true
     0 | D:1      | 0 ||| qw: Do Orc after D:15 true
     0 | D:1      | 0 ||| qw: Do second Lair branch before Depths: true
     0 | D:1      | 0 ||| qw: Lair rune preference: random
     0 | D:1      | 0 ||| qw: Plans: Normal
     0 | D:1      | 0 ||| PLANNING D:1-11
    38 | D:1      | 38 ||| Stepping ~*~*~tactically~*~*~ (stealth).
    48 | D:1      | 48 ||| Stepping ~*~*~tactically~*~*~ (stealth).
    50 | D:1      | 50 ||| Stepping ~*~*~tactically~*~*~ (stealth).
    95 | D:1      | 95 ||| Stepping ~*~*~tactically~*~*~ (stealth).
   100 | D:1      | 100 ||| Stepping ~*~*~tactically~*~*~ (stealth).
   102 | D:1      | 102 ||| Stepping ~*~*~tactically~*~*~ (stealth).
   262 | D:1      | Reached XP level 2. HP: 26/26 MP: 1/1
   376 | D:1      | 376 ||| Stepping ~*~*~tactically~*~*~ (hiding).
   478 | D:1      | 478 ||| Stepping ~*~*~tactically~*~*~ (hiding).
   580 | D:1      | 580 ||| Stepping ~*~*~tactically~*~*~ (hiding).
   737 | D:1      | Found Ahuwnan's Antique Weapon Shop.
   864 | D:1      | 864 ||| BUYING mace (66 gold).
   864 | D:1      | Bought a mace for 66 gold pieces
   864 | D:1      | 864 ||| DROPPING +0 club.
   960 | D:1      | 960 ||| Stepping ~*~*~tactically~*~*~ (stealth).
  1025 | D:1      | 1025 ||| Stepping ~*~*~tactically~*~*~ (stealth).
  1026 | D:1      | 1026 ||| Stepping ~*~*~tactically~*~*~ (stealth).
  1249 | D:1      | 1249 ||| UPGRADING to +0 ring mail.
  1259 | D:1      | 1259 ||| DROPPING +0 animal skin.
  1260 | D:1      | 1260 ||| UPGRADING to +0 cloak.
  1265 | D:1      | 1265 ||| DROPPING +0 leather armour.
  1266 | D:1      | 1266 ||| READING scroll labelled XOEVU HONAIKUC.
  1267 | D:1      | 1267 ||| READING scroll labelled WOSUOF XORO.
  1268 | D:1      | 1268 ||| READING scroll labelled DUATUGGA FASHRE.
  1269 | D:1      | 1269 ||| READING scroll labelled AZIDOC OR TUOMM.
  1270 | D:1      | 1270 ||| DRINKING 2 sapphire potions.
  1271 | D:1      | 1271 ||| DRINKING 2 coppery potions.
  1271 | D:1      | Gained mutation: You expend magic power (3 MP) to
                  | strengthen your wands. [potion of mutation]
  1271 | D:1      | Gained mutation: You have hidden genetic potential. [potion
                  | of mutation]
  1271 | D:1      | Gained mutation: You have large cloven feet. [potion of
                  | mutation]
  1338 | D:2      | 1338 ||| INVOKING Berserk.
  1457 | D:2      | 1457 ||| Stepping ~*~*~tactically~*~*~ (stealth).
  1465 | D:2      | 1465 ||| INVOKING Berserk.
  1467 | D:2      | Reached XP level 3. HP: 31/31 MP: 2/2
  1551 | D:2      | 1551 ||| Stepping ~*~*~tactically~*~*~ (stealth).
  1710 | D:2      | Found a faded altar of an unknown god.
  1716 | D:2      | Noticed Sigmund
  1718 | D:2      | Reached ** piety under Trog
  1721 | D:2      | 1721 ||| INVOKING Berserk.
  1725 | D:2      | Killed Sigmund
  1726 | D:2      | Reached XP level 4. HP: 22/39 MP: 3/3
  1726 | D:2      | Reached XP level 5. HP: 25/45 MP: 4/4
  1738 | D:2      | Gained mutation: You have a pair of large horns on your
                  | head. [hidden potential]
  2075 | D:2      | 2075 ||| Stepping ~*~*~tactically~*~*~ (stealth).
  2076 | D:2      | 2076 ||| Stepping ~*~*~tactically~*~*~ (stealth).
  2519 | D:2      | 2519 ||| UPGRADING to ring of see invisible.
  2520 | D:2      | 2520 ||| READING scroll labelled DEUSSO HIFATOY.
  2521 | D:2      | 2521 ||| READING scroll labelled VYUHICY PEBAU.
  2522 | D:2      | 2522 ||| READING scroll labelled ESEFOG YTUG.
  2877 | D:3      | Reached skill level 4 in Fighting
  3197 | D:3      | Identified the +0 leather armour "Warghauz" {rPois rF+ MP+9
                  | Int+2}
  3410 | D:3      | 3410 ||| UPGRADING to +0 leather armour "Warghauz" {rPois
                  | rF+ MP+9 Int+2}.
  3490 | D:3      | 3490 ||| READING 2 scrolls labelled UFYM MIKARGH.
  3491 | D:3      | 3491 ||| DROPPING scroll of magic mapping.
  3535 | D:4      | 3535 ||| PLANNING SEWER
  3563 | D:4      | Noticed a black bear
  3570 | D:4      | 3570 ||| INVOKING Berserk.
  3571 | D:4      | 3571 ||| INVOKING Berserk.
  3573 | D:4      | Killed a black bear
  3574 | D:4      | Reached XP level 6. HP: 52/52 MP: 5/5
  3583 | D:4      | Gained mutation: You have great hidden genetic potential.
                  | [hidden potential]
  3583 | D:4      | Lost mutation: You have great hidden genetic potential.
                  | [hidden potential expressed]
  3625 | D:4      | Found Uca Tuon's Antique Armour Shop.
  3634 | D:4      | 3634 ||| BUYING chain mail (121 gold).
  3634 | D:4      | Bought a chain mail for 121 gold pieces
  3634 | D:4      | 3634 ||| SHOPLISTING embroidered scarf (216 gold, have 71).
  3634 | D:4      | 3634 ||| SHOPLISTING pair of boots (121 gold, have 71).
  3634 | D:4      | 3634 ||| SHOPLISTING shiny orb (324 gold, have 71).
  3634 | D:4      | 3634 ||| SHOPLISTING tower shield (121 gold, have 71).
  3742 | D:4      | 3742 ||| Stepping ~*~*~tactically~*~*~ (stealth).
  3744 | D:4      | 3744 ||| Stepping ~*~*~tactically~*~*~ (hiding).
  3745 | D:4      | 3745 ||| Stepping ~*~*~tactically~*~*~ (hiding).
  3748 | D:4      | 3748 ||| INVOKING Berserk.
  3889 | D:4      | 3889 ||| SWAPPING to +0 war axe.
  3890 | D:4      | 3890 ||| DROPPING +1 hand axe.
  3913 | D:4      | 3913 ||| INVOKING Berserk.
  3917 | D:4      | Reached skill level 9 in Axes
  3920 | D:4      | Found a glowing drain.
  4078 | D:4      | 4078 ||| DROPPING +0 ring mail.
  4079 | D:4      | 4079 ||| UPGRADING to +0 chain mail.
  4089 | D:4      | 4089 ||| UPGRADING to ring of resist corrosion.
  4110 | Sewer    | Entered a sewer
  4152 | Sewer    | 4152 ||| Stepping ~*~*~tactically~*~*~ (water).
  4154 | Sewer    | Reached skill level 3 in Armour
  4200 | Sewer    | 4200 ||| Stepping ~*~*~tactically~*~*~ (water).
  4252 | Sewer    | 4252 ||| Stepping ~*~*~tactically~*~*~ (water).
  4275 | Sewer    | Reached *** piety under Trog
  4305 | Sewer    | Reached XP level 7. HP: 60/60 MP: 6/6
  4326 | Sewer    | 4326 ||| Stepping ~*~*~tactically~*~*~ (water).
  4391 | Sewer    | Reached skill level 5 in Fighting
  4394 | Sewer    | Gained mutation: Your muscles are strong. (Str +4, Int/Dex
                  | -1) [hidden potential]
  4492 | D:4      | 4492 ||| PLANNING D:1-11
  4512 | D:4      | Found a staircase to the Ecumenical Temple.
  4663 | D:4      | Found a broken altar of Ashenzari.
  4785 | D:4      | 4785 ||| UPGRADING to +0 pair of gloves.
  4790 | D:4      | 4790 ||| UPGRADING to +4 ring of evasion.
  4792 | D:4      | 4792 ||| READING 5 scrolls of identify.
  4792 | D:4      | 4792 ||| IDENTIFYING lumpy emerald potion
  4793 | D:4      | 4793 ||| READING 4 scrolls of identify.
  4793 | D:4      | 4793 ||| IDENTIFYING fizzy inky potion
  4794 | D:4      | 4794 ||| DROPPING potion of invisibility.
  4812 | D:5      | Entered Level 5 of the Dungeon
  4827 | D:5      | 4827 ||| Stepping ~*~*~tactically~*~*~ (hiding).
  4829 | D:5      | 4829 ||| Stepping ~*~*~tactically~*~*~ (hiding).
  4837 | D:5      | 4837 ||| Stepping ~*~*~tactically~*~*~ (stealth).
  4839 | D:5      | 4839 ||| Stepping ~*~*~tactically~*~*~ (stealth).
  4840 | D:5      | 4840 ||| Stepping ~*~*~tactically~*~*~ (hiding).
  4841 | D:5      | 4841 ||| Stepping ~*~*~tactically~*~*~ (hiding).
  4844 | D:5      | 4844 ||| Stepping ~*~*~tactically~*~*~ (hiding).
  4848 | D:5      | 4848 ||| INVOKING Berserk.
  4968 | D:5      | 4968 ||| DROPPING +0 flail.
  4969 | D:5      | 4969 ||| DROPPING +0 mace.
  5018 | D:5      | 5018 ||| INVOKING Berserk.
  5205 | D:5      | 5205 ||| INVOKING Berserk.
  5213 | D:5      | Reached skill level 1 in Throwing
  5223 | D:5      | Reached XP level 8. HP: 42/68 MP: 7/7
  5351 | D:5      | 5351 ||| INVOKING Berserk.
  5380 | D:5      | 5380 ||| FLEEEEING.
  5381 | D:5      | 5381 ||| FLEEEEING.
  5382 | D:5      | 5382 ||| FLEEEEING.
  5383 | D:5      | 5383 ||| FLEEEEING.
  5384 | D:5      | 5384 ||| FLEEEEING.
  5385 | D:5      | 5385 ||| FLEEEEING.
  5386 | D:5      | 5386 ||| FLEEEEING.
  5387 | D:5      | 5387 ||| FLEEEEING.
  5388 | D:5      | 5388 ||| FLEEEEING.
  5389 | D:5      | 5389 ||| FLEEEEING.
  5390 | D:5      | 5390 ||| FLEEEEING.
  5391 | D:5      | 5391 ||| FLEEEEING.
  5397 | D:5      | Reached skill level 6 in Fighting
  5399 | D:5      | 5399 ||| Stepping ~*~*~tactically~*~*~ (stealth).
  5401 | D:5      | 5401 ||| Stepping ~*~*~tactically~*~*~ (hiding).
  5415 | D:5      | Gained mutation: You passively map a small area around you.
                  | [hidden potential]
  5415 | D:5      | Lost mutation: You have hidden genetic potential. [hidden
                  | potential expressed]
  6007 | D:5      | 6007 ||| DROPPING ring of flight.
  6008 | D:5      | 6008 ||| READING scroll labelled BUV CIEHUMISES.
  6009 | D:5      | 6009 ||| DRINKING 2 white potions.
  6010 | D:5      | 6010 ||| READING 3 scrolls of identify.
  6010 | D:5      | 6010 ||| IDENTIFYING fuming clear potion
  6011 | D:5      | 6011 ||| READING 2 scrolls of identify.
  6011 | D:5      | 6011 ||| IDENTIFYING inky potion
  6012 | D:5      | 6012 ||| DROPPING potion of magic.
  6013 | D:5      | 6013 ||| DROPPING potion of flight.
  6014 | D:5      | 6014 ||| DROPPING potion of brilliance.
  6079 | D:6      | 6079 ||| Stepping ~*~*~tactically~*~*~ (hiding).
  6090 | D:6      | 6090 ||| FLEEEEING.
  6092 | D:6      | 6092 ||| STAIRDANCE
  6191 | D:6      | 6191 ||| Stepping ~*~*~tactically~*~*~ (stealth).
  6194 | D:6      | 6194 ||| Stepping ~*~*~tactically~*~*~ (stealth).
  6196 | D:6      | 6196 ||| Stepping ~*~*~tactically~*~*~ (hiding).
  6201 | D:6      | 6201 ||| INVOKING Berserk.
  6215 | D:6      | 6215 ||| DRINKING 3 potions of curing.
  6215 | D:6      | 6215 ||| (to cure confusion)
  6391 | D:6      | 6391 ||| INVOKING Berserk.
  6522 | D:6      | 6522 ||| READING scroll of enchant armour.
  6522 | D:6      | 6522 ||| ENCHANTING +0 pair of gloves.
  6640 | D:6      | 6640 ||| Stepping ~*~*~tactically~*~*~ (hiding).
  6642 | D:6      | Reached skill level 12 in Axes
  6652 | D:6      | 6652 ||| INVOKING Berserk.
  7001 | D:6      | 7001 ||| Stepping ~*~*~tactically~*~*~ (stealth).
  7003 | D:6      | 7003 ||| Stepping ~*~*~tactically~*~*~ (stealth).
  7006 | D:6      | 7006 ||| Stepping ~*~*~tactically~*~*~ (stealth).
  7007 | D:6      | 7007 ||| INVOKING Berserk.
  7010 | D:6      | Reached skill level 7 in Fighting
  7175 | D:6      | Found an opulent altar of Gozag.
  7177 | D:6      | Found Gozag's Platinum Reserve.
  7189 | D:6      | 7189 ||| FLEEEEING.
  7190 | D:6      | 7190 ||| FLEEEEING.
  7191 | D:6      | 7191 ||| FLEEEEING.
  7192 | D:6      | 7192 ||| FLEEEEING.
  7193 | D:6      | 7193 ||| FLEEEEING.
  7194 | D:6      | 7194 ||| FLEEEEING.
  7201 | D:6      | Reached XP level 9. HP: 50/79 MP: 8/8
  7337 | D:6      | 7337 ||| SHOPLISTING ring of Rewotal {rN+ MP+9} (4590 gold,
                  | have 229).
  7475 | D:6      | 7475 ||| DROPPING orb of light.
  7476 | D:6      | 7476 ||| DROPPING +0 leather armour "Warghauz" {rPois rF+
                  | MP+9 Int+2}.
  7477 | D:6      | 7477 ||| UPGRADING to +0 buckler.
  7482 | D:6      | 7482 ||| UPGRADING to +0 plate armour.
  7492 | D:6      | 7492 ||| DROPPING +0 chain mail.
  7564 | D:7      | 7564 ||| READING scroll of enchant armour.
  7564 | D:7      | 7564 ||| ENCHANTING +1 pair of gloves.
  7602 | D:7      | 7602 ||| INVOKING Berserk.
  7609 | D:7      | Reached skill level 1 in Shields
  7771 | D:7      | 7771 ||| Stepping ~*~*~tactically~*~*~ (stealth).
  7774 | D:7      | 7774 ||| Stepping ~*~*~tactically~*~*~ (stealth).
  7782 | D:7      | Reached skill level 3 in Shields
  7783 | D:7      | 7783 ||| Stepping ~*~*~tactically~*~*~ (stealth).
  7790 | D:7      | Reached **** piety under Trog
  7792 | D:7      | 7792 ||| FLEEEEING.
  7793 | D:7      | 7793 ||| FLEEEEING.
  7794 | D:7      | 7794 ||| FLEEEEING.
  7795 | D:7      | 7795 ||| FLEEEEING.
  7796 | D:7      | 7796 ||| FLEEEEING.
  7797 | D:7      | 7797 ||| FLEEEEING.
  7799 | D:7      | 7799 ||| FLEEEEING.
  7801 | D:7      | 7801 ||| FLEEEEING.
  7802 | D:7      | 7802 ||| FLEEEEING.
  7803 | D:7      | 7803 ||| FLEEEEING.
  7804 | D:7      | 7804 ||| FLEEEEING.
  7805 | D:7      | 7805 ||| FLEEEEING.
  7806 | D:7      | 7806 ||| FLEEEEING.
  7807 | D:7      | 7807 ||| FLEEEEING.
  7808 | D:7      | 7808 ||| FLEEEEING.
  7809 | D:7      | 7809 ||| FLEEEEING.
  7810 | D:7      | 7810 ||| FLEEEEING.
  7811 | D:7      | 7811 ||| FLEEEEING.
  7814 | D:7      | 7814 ||| FLEEEEING.
  7815 | D:7      | 7815 ||| FLEEEEING.
  7919 | D:7      | Noticed Menkaure
  7920 | D:7      | 7920 ||| Stepping ~*~*~tactically~*~*~ (hiding).
  7921 | D:7      | 7921 ||| Stepping ~*~*~tactically~*~*~ (hiding).
  7927 | D:7      | 7927 ||| INVOKING Berserk.
  7930 | D:7      | Killed Menkaure
  8071 | D:7      | 8071 ||| INVOKING Berserk.
  8183 | D:7      | Found a basalt altar of Yredelemnul.
  8212 | D:7      | 8212 ||| Stepping ~*~*~tactically~*~*~ (stealth).
  8213 | D:7      | 8213 ||| Stepping ~*~*~tactically~*~*~ (stealth).
  8222 | D:7      | 8222 ||| DRINKING 2 potions of curing.
  8222 | D:7      | 8222 ||| (to cure confusion)
  8225 | D:7      | Reached skill level 6 in Armour
  8332 | D:7      | 8332 ||| Stepping ~*~*~tactically~*~*~ (stealth).
  8334 | D:7      | 8334 ||| Stepping ~*~*~tactically~*~*~ (stealth).
  8336 | D:7      | 8336 ||| Stepping ~*~*~tactically~*~*~ (hiding).
  8359 | D:7      | 8359 ||| Stepping ~*~*~tactically~*~*~ (stealth).
  8371 | D:7      | 8371 ||| Stepping ~*~*~tactically~*~*~ (hiding).
  8373 | D:7      | 8373 ||| INVOKING Berserk.
  8500 | D:7      | 8500 ||| FLEEEEING.
  8553 | D:7      | 8553 ||| FLEEEEING.
  8561 | D:7      | 8561 ||| STAIRDANCE
  8604 | D:7      | 8604 ||| Stepping ~*~*~tactically~*~*~ (stealth).
  8605 | D:7      | 8605 ||| Stepping ~*~*~tactically~*~*~ (stealth).
  8610 | D:7      | 8610 ||| INVOKING Berserk.
  8734 | D:7      | 8734 ||| Stepping ~*~*~tactically~*~*~ (stealth).
  8739 | D:7      | 8739 ||| FLEEEEING.
  8740 | D:7      | 8740 ||| FLEEEEING.
  8741 | D:7      | 8741 ||| FLEEEEING.
  8811 | D:7      | 8811 ||| FLEEEEING.
  8858 | D:7      | 8858 ||| INVOKING Berserk.
  8995 | D:7      | 8995 ||| READING scroll of enchant weapon.
  8995 | D:7      | 8995 ||| ENCHANTING +0 war axe.
  9354 | D:7      | 9354 ||| READING 3 scrolls labelled ALAOPILUMA.
  9355 | D:7      | 9355 ||| DROPPING 2 scrolls of amnesia.
  9423 | D:8      | 9423 ||| Stepping ~*~*~tactically~*~*~ (stealth).
  9426 | D:8      | 9426 ||| Stepping ~*~*~tactically~*~*~ (hiding).
  9447 | D:8      | Reached skill level 8 in Fighting
  9447 | D:8      | 9447 ||| FLEEEEING.
  9448 | D:8      | 9448 ||| FLEEEEING.
  9449 | D:8      | 9449 ||| FLEEEEING.
  9450 | D:8      | 9450 ||| FLEEEEING.
  9451 | D:8      | 9451 ||| FLEEEEING.
  9452 | D:8      | 9452 ||| FLEEEEING.
  9453 | D:8      | 9453 ||| FLEEEEING.
  9454 | D:8      | 9454 ||| FLEEEEING.
  9455 | D:8      | 9455 ||| FLEEEEING.
  9456 | D:8      | 9456 ||| FLEEEEING.
  9457 | D:8      | 9457 ||| FLEEEEING.
  9458 | D:8      | 9458 ||| FLEEEEING.
  9459 | D:8      | 9459 ||| FLEEEEING.
  9460 | D:8      | 9460 ||| FLEEEEING.
  9461 | D:8      | 9461 ||| FLEEEEING.
  9462 | D:8      | 9462 ||| FLEEEEING.
  9463 | D:8      | 9463 ||| FLEEEEING.
  9464 | D:8      | 9464 ||| FLEEEEING.
  9465 | D:8      | 9465 ||| FLEEEEING.
  9466 | D:8      | 9466 ||| FLEEEEING.
  9467 | D:8      | 9467 ||| FLEEEEING.
  9468 | D:8      | 9468 ||| FLEEEEING.
  9469 | D:8      | 9469 ||| FLEEEEING.
  9470 | D:8      | 9470 ||| FLEEEEING.
  9471 | D:8      | 9471 ||| FLEEEEING.
  9472 | D:8      | 9472 ||| FLEEEEING.
  9473 | D:8      | 9473 ||| FLEEEEING.
  9474 | D:8      | 9474 ||| FLEEEEING.
  9475 | D:8      | 9475 ||| FLEEEEING.
  9476 | D:8      | 9476 ||| FLEEEEING.
  9477 | D:8      | 9477 ||| FLEEEEING.
  9478 | D:8      | 9478 ||| STAIRDANCE
  9681 | D:8      | 9681 ||| Stepping ~*~*~tactically~*~*~ (stealth).
  9685 | D:8      | 9685 ||| Stepping ~*~*~tactically~*~*~ (stealth).
  9694 | D:8      | Found Zajenwy's Book Boutique.
  9721 | D:8      | 9721 ||| Stepping ~*~*~tactically~*~*~ (hiding).
  9723 | D:8      | 9723 ||| Stepping ~*~*~tactically~*~*~ (hiding).
  9726 | D:8      | 9726 ||| INVOKING Berserk.
  9906 | D:8      | 9906 ||| Stepping ~*~*~tactically~*~*~ (hiding).
  9910 | D:8      | Found Quny's General Store.
  9922 | D:8      | 9922 ||| SHOPLISTING +0 cloak of Uxkyzuer {Str+7 Int+3}
                  | (390 gold, have 342).
  9922 | D:8      | 9922 ||| BUYING potion of curing (36 gold).
  9922 | D:8      | Bought a potion of curing for 36 gold pieces
  9922 | D:8      | 9922 ||| BUYING potion of curing (36 gold).
  9922 | D:8      | Bought a potion of curing for 36 gold pieces
  9980 | D:8      | Noticed Gastronok
  9983 | D:8      | 9983 ||| FLEEEEING.
  9984 | D:8      | 9984 ||| FLEEEEING.
  9985 | D:8      | 9985 ||| FLEEEEING.
  9986 | D:8      | 9986 ||| FLEEEEING.
  9987 | D:8      | 9987 ||| FLEEEEING.
  9988 | D:8      | 9988 ||| FLEEEEING.
  9989 | D:8      | 9989 ||| FLEEEEING.
  9991 | D:8      | 9991 ||| FLEEEEING.
  9998 | D:8      | 9998 ||| Stepping ~*~*~tactically~*~*~ (stealth).
 10003 | D:8      | 10003 ||| INVOKING Berserk.
 10029 | D:8      | Killed Gastronok
 10030 | D:8      | Reached skill level 9 in Armour
 10030 | D:8      | Reached XP level 10. HP: 25/88 MP: 9/9
 10317 | D:8      | 10317 ||| Stepping ~*~*~tactically~*~*~ (stealth).
 10323 | D:8      | 10323 ||| Stepping ~*~*~tactically~*~*~ (stealth).
 10331 | D:8      | 10331 ||| Stepping ~*~*~tactically~*~*~ (stealth).
 10334 | D:8      | Noticed Erica
 10335 | D:8      | 10335 ||| Stepping ~*~*~tactically~*~*~ (hiding).
 10348 | D:8      | 10348 ||| INVOKING Berserk.
 10356 | D:8      | Killed Erica
 10515 | D:8      | 10515 ||| INVOKING Berserk.
 10536 | D:8      | 10536 ||| FLEEEEING.
 10537 | D:8      | 10537 ||| FLEEEEING.
 10538 | D:8      | 10538 ||| FLEEEEING.
 10539 | D:8      | 10539 ||| FLEEEEING.
 10541 | D:8      | 10541 ||| FLEEEEING.
 10542 | D:8      | 10542 ||| FLEEEEING.
 10543 | D:8      | 10543 ||| STAIRDANCE
 10583 | D:8      | Noticed Joseph
 10589 | D:8      | Killed Joseph
 10709 | D:8      | 10709 ||| FLEEEEING.
 10710 | D:8      | 10710 ||| FLEEEEING.
 10711 | D:8      | 10711 ||| FLEEEEING.
 10712 | D:8      | 10712 ||| FLEEEEING.
 10713 | D:8      | 10713 ||| FLEEEEING.
 10714 | D:8      | 10714 ||| FLEEEEING.
 10715 | D:8      | 10715 ||| STAIRDANCE
 10817 | D:7      | 10817 ||| READING 3 scrolls of identify.
 10817 | D:7      | 10817 ||| IDENTIFYING green potion
 10818 | D:7      | 10818 ||| READING 2 scrolls of identify.
 10818 | D:7      | 10818 ||| IDENTIFYING puce potion
 10819 | D:7      | 10819 ||| DROPPING potion of attraction.
 10820 | D:7      | 10820 ||| DROPPING potion of lignification.
 10823 | D:8      | 10823 ||| STAIRDANCE
 10829 | D:8      | 10829 ||| STAIRDANCE
 10834 | D:8      | 10834 ||| STAIRDANCE
 10956 | D:8      | Found Nyhining's Jewellery Shop.
 10959 | D:8      | 10959 ||| SHOPLISTING +4 ring of protection (432 gold, have
                  | 298).
 10959 | D:8      | 10959 ||| SHOPLISTING +6 ring of dexterity (432 gold, have
                  | 298).
 10959 | D:8      | 10959 ||| SHOPLISTING amulet of Zeshriagu {Acrobat +Blink
                  | rPois Stlth-} (561 gold, have 298).
 10959 | D:8      | 10959 ||| SHOPLISTING amulet of reflection (360 gold, have
                  | 298).
 10959 | D:8      | 10959 ||| SHOPLISTING amulet of the acrobat (360 gold, have
                  | 298).
 10959 | D:8      | 10959 ||| SHOPLISTING ring of fire (300 gold, have 298).
 10959 | D:8      | 10959 ||| SHOPLISTING ring of ice (300 gold, have 298).
 10959 | D:8      | 10959 ||| SHOPLISTING ring of willpower (300 gold, have
                  | 298).
 11087 | D:9      | Reached skill level 15 in Axes
 11095 | D:9      | Reached skill level 9 in Fighting
 11101 | D:9      | 11101 ||| INVOKING Berserk.
 11103 | D:9      | Reached skill level 3 in Dodging
 11106 | D:9      | Reached XP level 11. HP: 72/97 MP: 10/10
 11310 | D:9      | Found a staircase to the Orcish Mines.
 11429 | D:9      | 11429 ||| Stepping ~*~*~tactically~*~*~ (stealth).
 11430 | D:9      | 11430 ||| Stepping ~*~*~tactically~*~*~ (stealth).
 11433 | D:9      | 11433 ||| Stepping ~*~*~tactically~*~*~ (hiding).
 11447 | D:9      | 11447 ||| Stepping ~*~*~tactically~*~*~ (hiding).
 11844 | D:9      | 11844 ||| Stepping ~*~*~tactically~*~*~ (stealth).
 11845 | D:9      | 11845 ||| Stepping ~*~*~tactically~*~*~ (stealth).
 11847 | D:9      | 11847 ||| Stepping ~*~*~tactically~*~*~ (stealth).
 11849 | D:9      | 11849 ||| Stepping ~*~*~tactically~*~*~ (stealth).
 11851 | D:9      | 11851 ||| Stepping ~*~*~tactically~*~*~ (stealth).
 11860 | D:9      | Reached ***** piety under Trog
 11877 | D:9      | Noticed Maurice
 11886 | D:9      | Killed Maurice
 11895 | D:9      | 11895 ||| Stepping ~*~*~tactically~*~*~ (stealth).
 11965 | D:9      | Found a staircase to the Lair.
 11975 | D:9      | 11975 ||| INVOKING Berserk.
 12309 | D:9      | 12309 ||| PLANNING LAIR
 12372 | Lair:1   | Entered Level 1 of the Lair of Beasts
 12375 | Lair:1   | 12375 ||| INVOKING Berserk.
 12380 | Lair:1   | Reached skill level 6 in Shields
 12521 | Lair:1   | Reached skill level 10 in Fighting
 12632 | Lair:1   | Noticed a seven-headed hydra
 12633 | Lair:1   | 12633 ||| INVOKING Brothers in Arms.
 12634 | Lair:1   | 12634 ||| INVOKING Brothers in Arms.
 12636 | Lair:1   | 12636 ||| SWAPPING to +0 morningstar.
 12637 | Lair:1   | 12637 ||| INVOKING Berserk.
 12638 | Lair:1   | Killed a seven-headed hydra
 12647 | Lair:1   | 12647 ||| SWAPPING to +1 war axe.
 12788 | Lair:1   | Reached skill level 11 in Fighting
 12902 | Lair:1   | 12902 ||| Stepping ~*~*~tactically~*~*~ (stealth).
 12914 | Lair:1   | 12914 ||| INVOKING Berserk.
 13207 | Lair:1   | Noticed a death yak
 13208 | Lair:1   | 13208 ||| INVOKING Brothers in Arms.
 13210 | Lair:1   | Noticed a death yak
 13210 | Lair:1   | Noticed a death yak
 13211 | Lair:1   | 13211 ||| INVOKING Berserk.
 13214 | Lair:1   | Killed a death yak
 13215 | Lair:1   | Noticed a death yak
 13220 | Lair:1   | Killed a death yak
 13222 | Lair:1   | Killed a death yak
 13223 | Lair:1   | Reached XP level 12. HP: 111/111 MP: 11/11
 13224 | Lair:1   | Killed a death yak
 13225 | Lair:1   | Reached skill level 12 in Fighting
 13598 | Lair:1   | 13598 ||| READING 2 scrolls of identify.
 13598 | Lair:1   | 13598 ||| IDENTIFYING murky amethyst potion
 13674 | Lair:2   | Noticed a boulder beetle
 13675 | Lair:2   | 13675 ||| INVOKING Brothers in Arms.
 13678 | Lair:2   | 13678 ||| INVOKING Berserk.
 13681 | Lair:2   | Killed a boulder beetle
 13832 | Lair:2   | Noticed Urug
 13835 | Lair:2   | 13835 ||| Stepping ~*~*~tactically~*~*~ (stealth).
 13838 | Lair:2   | 13838 ||| INVOKING Berserk.
 13845 | Lair:2   | Killed Urug
 13902 | Lair:2   | 13902 ||| Stepping ~*~*~tactically~*~*~ (stealth).
 13933 | Lair:2   | Found a staircase to the Swamp.
 13935 | Lair:2   | 13935 ||| INVOKING Berserk.
 13954 | Lair:2   | Reached skill level 3 in Throwing
 14137 | Lair:2   | 14137 ||| Stepping ~*~*~tactically~*~*~ (water).
 14206 | Lair:2   | 14206 ||| Stepping ~*~*~tactically~*~*~ (stealth).
 14533 | Lair:2   | 14533 ||| INVOKING Berserk.
 14558 | Lair:2   | 14558 ||| INVOKING Brothers in Arms.
 14559 | Lair:2   | 14559 ||| INVOKING Brothers in Arms.
 14567 | Lair:2   | Reached skill level 13 in Fighting
 14819 | Lair:2   | Identified the +3 whip of the Feeding Goat {drain, rElec
                  | rPois}
 14912 | Lair:2   | 14912 ||| INVOKING Berserk.
 15215 | Lair:2   | 15215 ||| UPGRADING to scarf of resistance.
 15225 | Lair:2   | 15225 ||| DRINKING 3 fizzy golden potions.
 15225 | Lair:2   | Lost intelligence.
 15228 | Lair:2   | 15228 ||| DROPPING 2 potions of degeneration.
 15259 | Lair:3   | Identified the +3 pair of gloves "Esmuzyifuj" {Int+3 Dex+3}
 15337 | Lair:3   | Noticed a seven-headed hydra
 15338 | Lair:3   | 15338 ||| Stepping ~*~*~tactically~*~*~ (stealth).
 15339 | Lair:3   | 15339 ||| INVOKING Berserk.
 15348 | Lair:3   | 15348 ||| Stepping ~*~*~tactically~*~*~ (stealth).
 15349 | Lair:3   | 15349 ||| FLEEEEING.
 15350 | Lair:3   | 15350 ||| FLEEEEING.
 15351 | Lair:3   | 15351 ||| FLEEEEING.
 15354 | Lair:3   | 15354 ||| STAIRDANCE
 15456 | Lair:2   | 15456 ||| UPGRADING to +3 pair of gloves "Esmuzyifuj"
                  | {Int+3 Dex+3}.
 15466 | Lair:2   | 15466 ||| DROPPING +2 pair of gloves.
 15469 | Lair:3   | 15469 ||| INVOKING Brothers in Arms.
 15470 | Lair:3   | 15470 ||| SWAPPING to +0 morningstar.
 15471 | Lair:3   | 15471 ||| INVOKING Berserk.
 15471 | Lair:3   | Killed a seven-headed hydra
 15476 | Lair:3   | 15476 ||| SWAPPING to +1 war axe.
 15482 | Lair:3   | Reached skill level 6 in Dodging
 15483 | Lair:3   | Reached skill level 6 in Throwing
 15685 | Lair:3   | 15685 ||| INVOKING Berserk.
 15949 | Lair:3   | 15949 ||| Stepping ~*~*~tactically~*~*~ (stealth).
 15956 | Lair:3   | 15956 ||| FLEEEEING.
 15957 | Lair:3   | 15957 ||| INVOKING Berserk.
 15967 | Lair:3   | Reached skill level 9 in Shields
 16075 | Lair:3   | Found a hole to the Spider Nest.
 16078 | Lair:3   | 16078 ||| Stepping ~*~*~tactically~*~*~ (stealth).
 16079 | Lair:3   | 16079 ||| Stepping ~*~*~tactically~*~*~ (stealth).
 16080 | Lair:3   | 16080 ||| Stepping ~*~*~tactically~*~*~ (stealth).
 16082 | Lair:3   | 16082 ||| Stepping ~*~*~tactically~*~*~ (stealth).
 16083 | Lair:3   | 16083 ||| Stepping ~*~*~tactically~*~*~ (stealth).
 16088 | Lair:3   | 16088 ||| FLEEEEING.
 16089 | Lair:3   | 16089 ||| FLEEEEING.
 16090 | Lair:3   | 16090 ||| FLEEEEING.
 16091 | Lair:3   | 16091 ||| Stepping ~*~*~tactically~*~*~ (stealth).
 16094 | Lair:3   | 16094 ||| INVOKING Berserk.
 16346 | Lair:3   | Identified the +7 chain mail of Compression {rPois rF- rC++
                  | Will+}
 16353 | Lair:3   | Noticed Amaemon
 16354 | Lair:3   | 16354 ||| Stepping ~*~*~tactically~*~*~ (hiding).
 16359 | Lair:3   | 16359 ||| INVOKING Berserk.
 16365 | Lair:3   | Killed Amaemon
 16366 | Lair:3   | Reached XP level 13. HP: 122/122 MP: 12/12
 16455 | Lair:3   | 16455 ||| DROPPING +0 morningstar.
 16486 | Lair:3   | Found a runed translucent gate.
 16488 | Lair:3   | Found a runed translucent gate.
 16489 | Lair:3   | Found a runed translucent gate.
 16490 | Lair:3   | Noticed qw's ghost (journeyman MiBe)
 16490 | Lair:3   | Noticed qw's ghost (journeyman GrBe)
 16556 | Lair:3   | 16556 ||| Stepping ~*~*~tactically~*~*~ (stealth).
 16571 | Lair:3   | 16571 ||| INVOKING Berserk.
 17070 | Lair:3   | 17070 ||| DROPPING orb of mayhem.
 17071 | Lair:3   | 17071 ||| UPGRADING to +7 chain mail of Compression {rPois
                  | rF- rC++ Will+}.
 17081 | Lair:3   | 17081 ||| READING 4 scrolls of identify.
 17081 | Lair:3   | 17081 ||| IDENTIFYING ruby potion
 17082 | Lair:3   | 17082 ||| DROPPING potion of berserk rage.
 17108 | Lair:4   | 17108 ||| STAIRDANCE
 17157 | Lair:4   | 17157 ||| STAIRDANCE
 17234 | Lair:4   | 17234 ||| STAIRDANCE
 17390 | Lair:4   | Found a staircase to the Slime Pits.
 17397 | Lair:4   | 17397 ||| FLEEEEING.
 17398 | Lair:4   | 17398 ||| FLEEEEING.
 17399 | Lair:4   | 17399 ||| FLEEEEING.
 17506 | Lair:4   | 17506 ||| FLEEEEING.
 17507 | Lair:4   | 17507 ||| FLEEEEING.
 17569 | Lair:4   | 17569 ||| FLEEEEING.
 17570 | Lair:4   | 17570 ||| FLEEEEING.
 17622 | Lair:4   | 17622 ||| FLEEEEING.
 17683 | Lair:4   | 17683 ||| FLEEEEING.
 17684 | Lair:4   | 17684 ||| FLEEEEING.
 17727 | Lair:4   | 17727 ||| INVOKING Berserk.
 17914 | Lair:4   | 17914 ||| Stepping ~*~*~tactically~*~*~ (stealth).
 17920 | Lair:4   | Reached skill level 14 in Fighting
 17975 | Lair:4   | Noticed Rupert
 17976 | Lair:4   | 17976 ||| INVOKING Trog's Hand.
 17980 | Lair:4   | 17980 ||| INVOKING Berserk.
 17989 | Lair:4   | Killed Rupert
 18100 | Lair:4   | 18100 ||| Stepping ~*~*~tactically~*~*~ (hiding).
 18271 | Lair:4   | 18271 ||| INVOKING Berserk.
 18273 | Lair:4   | Reached skill level 15 in Fighting
 18512 | Lair:4   | 18512 ||| FLEEEEING.
 18513 | Lair:4   | 18513 ||| FLEEEEING.
 18514 | Lair:4   | 18514 ||| FLEEEEING.
 18515 | Lair:4   | 18515 ||| FLEEEEING.
 18516 | Lair:4   | 18516 ||| FLEEEEING.
 18517 | Lair:4   | 18517 ||| FLEEEEING.
 18518 | Lair:4   | 18518 ||| FLEEEEING.
 18519 | Lair:4   | 18519 ||| FLEEEEING.
 18520 | Lair:4   | 18520 ||| FLEEEEING.
 18534 | Lair:4   | 18534 ||| FLEEEEING.
 18535 | Lair:4   | 18535 ||| FLEEEEING.
 18536 | Lair:4   | 18536 ||| FLEEEEING.
 18537 | Lair:4   | 18537 ||| FLEEEEING.
 18538 | Lair:4   | 18538 ||| FLEEEEING.
 18539 | Lair:4   | 18539 ||| FLEEEEING.
 18540 | Lair:4   | 18540 ||| FLEEEEING.
 18541 | Lair:4   | 18541 ||| FLEEEEING.
 18542 | Lair:4   | 18542 ||| FLEEEEING.
 18543 | Lair:4   | 18543 ||| FLEEEEING.
 18544 | Lair:4   | 18544 ||| FLEEEEING.
 18545 | Lair:4   | 18545 ||| FLEEEEING.
 18546 | Lair:4   | 18546 ||| FLEEEEING.
 18547 | Lair:4   | 18547 ||| FLEEEEING.
 18548 | Lair:4   | 18548 ||| FLEEEEING.
 18549 | Lair:4   | 18549 ||| FLEEEEING.
 18550 | Lair:4   | 18550 ||| FLEEEEING.
 18551 | Lair:4   | 18551 ||| FLEEEEING.
 18552 | Lair:4   | 18552 ||| FLEEEEING.
 18553 | Lair:4   | 18553 ||| FLEEEEING.
 18554 | Lair:4   | 18554 ||| FLEEEEING.
 18555 | Lair:4   | 18555 ||| FLEEEEING.
 18556 | Lair:4   | 18556 ||| FLEEEEING.
 18557 | Lair:4   | 18557 ||| FLEEEEING.
 18558 | Lair:4   | 18558 ||| FLEEEEING.
 18559 | Lair:4   | 18559 ||| FLEEEEING.
 18560 | Lair:4   | 18560 ||| FLEEEEING.
 18561 | Lair:4   | 18561 ||| FLEEEEING.
 18564 | Lair:4   | 18564 ||| Stepping ~*~*~tactically~*~*~ (water).
 18568 | Lair:4   | 18568 ||| Stepping ~*~*~tactically~*~*~ (water).
 18834 | Lair:4   | 18834 ||| INVOKING Berserk.
 19463 | Lair:4   | 19463 ||| UPGRADING to amulet of regeneration.
 19468 | Lair:4   | 19468 ||| READING scroll labelled JYQYRGH AREL.
 19473 | Lair:4   | 19473 ||| READING scroll labelled QONA VA EREK.
 19482 | Lair:5   | Entered Level 5 of the Lair of Beasts
 19490 | Lair:5   | 19490 ||| Stepping ~*~*~tactically~*~*~ (stealth).
 19492 | Lair:5   | 19492 ||| Stepping ~*~*~tactically~*~*~ (stealth).
 19496 | Lair:5   | 19496 ||| INVOKING Berserk.
 19614 | Lair:5   | 19614 ||| Stepping ~*~*~tactically~*~*~ (cloud).
 19616 | Lair:5   | 19616 ||| Stepping ~*~*~tactically~*~*~ (stealth).
 19619 | Lair:5   | 19619 ||| INVOKING Berserk.
 19773 | Lair:5   | Reached skill level 16 in Fighting
 19847 | Lair:5   | 19847 ||| INVOKING Berserk.
 20102 | Lair:5   | 20102 ||| Stepping ~*~*~tactically~*~*~ (stealth).
 20106 | Lair:5   | 20106 ||| INVOKING Berserk.
 20117 | Lair:5   | Reached skill level 9 in Dodging
 20117 | Lair:5   | Reached XP level 14. HP: 137/137 MP: 13/13
 20248 | Lair:5   | 20248 ||| INVOKING Brothers in Arms.
 20250 | Lair:5   | 20250 ||| SWAPPING to +0 demon whip of venom.
 20251 | Lair:5   | 20251 ||| INVOKING Berserk.
 20258 | Lair:5   | 20258 ||| SWAPPING to +1 war axe.
 20404 | Lair:5   | 20404 ||| Stepping ~*~*~tactically~*~*~ (stealth).
 20412 | Lair:5   | 20412 ||| Stepping ~*~*~tactically~*~*~ (stealth).
 20459 | Lair:5   | 20459 ||| INVOKING Berserk.
 20536 | Lair:5   | 20536 ||| INVOKING Brothers in Arms.
 20539 | Lair:5   | 20539 ||| SWAPPING to +0 demon whip of venom.
 20540 | Lair:5   | 20540 ||| INVOKING Berserk.
 20558 | Lair:5   | 20558 ||| SWAPPING to +1 war axe.
 20560 | Lair:5   | 20560 ||| SWAPPING to +0 demon whip of venom.
 20563 | Lair:5   | 20563 ||| Stepping ~*~*~tactically~*~*~ (outnumbered).
 20564 | Lair:5   | Reached skill level 17 in Fighting
 20564 | Lair:5   | 20564 ||| INVOKING Brothers in Arms.
 20567 | Lair:5   | 20567 ||| SWAPPING to +1 war axe.
 20594 | Lair:5   | 20594 ||| INVOKING Berserk.
 20731 | Lair:5   | 20731 ||| Stepping ~*~*~tactically~*~*~ (hiding).
 20735 | Lair:5   | 20735 ||| INVOKING Berserk.
 20908 | Lair:5   | 20908 ||| INVOKING Berserk.
 21303 | Lair:5   | 21303 ||| PLANNING D:1-11
 21303 | Lair:5   | 21303 ||| DROPPING orb of mayhem.
 21304 | Lair:5   | 21304 ||| READING 2 scrolls labelled WIYRO LEOFREC.
 21305 | Lair:5   | 21305 ||| READING scroll labelled XYCUSI IMUNUXU.
 21366 | Lair:5   | 21366 ||| READING 8 scrolls of identify.
 21366 | Lair:5   | 21366 ||| IDENTIFYING amethyst potion
 21367 | Lair:5   | 21367 ||| DROPPING scroll of butterflies.
 21368 | Lair:5   | 21368 ||| DROPPING potion of ambrosia.
 21471 | D:10     | Entered Level 10 of the Dungeon
 21471 | D:10     | Noticed Fannar
 21477 | D:10     | Killed Fannar
 21503 | D:10     | You fall into a shaft and drop 1 floor!
 21519 | D:10     | Noticed Snorg
 21525 | D:10     | 21525 ||| INVOKING Berserk.
 21532 | D:10     | Killed Snorg
 21556 | D:10     | Reached skill level 12 in Armour
 21670 | D:10     | 21670 ||| Stepping ~*~*~tactically~*~*~ (stealth).
 21672 | D:10     | 21672 ||| Stepping ~*~*~tactically~*~*~ (stealth).
 21902 | D:10     | 21902 ||| READING scroll of enchant weapon.
 21902 | D:10     | 21902 ||| ENCHANTING +1 war axe.
 22016 | D:10     | Noticed Sonja
 22021 | D:10     | Killed Sonja
 22123 | D:11     | 22123 ||| STAIRDANCE
 22130 | D:11     | 22130 ||| STAIRDANCE
 22185 | D:11     | Noticed Harold
 22186 | D:11     | 22186 ||| Stepping ~*~*~tactically~*~*~ (hiding).
 22197 | D:11     | Killed Harold
 22223 | D:11     | 22223 ||| Stepping ~*~*~tactically~*~*~ (stealth).
 22224 | D:11     | 22224 ||| Stepping ~*~*~tactically~*~*~ (stealth).
 22226 | D:11     | 22226 ||| Stepping ~*~*~tactically~*~*~ (stealth).
 22232 | D:11     | 22232 ||| Stepping ~*~*~tactically~*~*~ (stealth).
 22234 | D:11     | 22234 ||| Stepping ~*~*~tactically~*~*~ (stealth).
 22259 | D:11     | Noticed Grum
 22260 | D:11     | 22260 ||| Stepping ~*~*~tactically~*~*~ (hiding).
 22263 | D:11     | 22263 ||| INVOKING Berserk.
 22271 | D:11     | Killed Grum
 22414 | D:11     | Found a shimmering altar of Xom.
 22415 | D:11     | Found a shimmering altar of Xom.
 22416 | D:11     | Found a shimmering altar of Xom.
 22417 | D:11     | Found a shimmering altar of Xom.
 22418 | D:11     | 22418 ||| Stepping ~*~*~tactically~*~*~ (hiding).
 22420 | D:11     | Found a shimmering altar of Xom.
 22420 | D:11     | Found a shimmering altar of Xom.
 22525 | D:11     | 22525 ||| Stepping ~*~*~tactically~*~*~ (stealth).
 22676 | D:11     | 22676 ||| PLANNING D
 22676 | D:11     | 22676 ||| DROPPING amulet of guardian spirit.
 22703 | D:12     | 22703 ||| Stepping ~*~*~tactically~*~*~ (stealth).
 22705 | D:12     | 22705 ||| Stepping ~*~*~tactically~*~*~ (hiding).
 22723 | D:12     | 22723 ||| INVOKING Berserk.
 23009 | D:12     | 23009 ||| Stepping ~*~*~tactically~*~*~ (hiding).
 23052 | D:12     | 23052 ||| INVOKING Brothers in Arms.
 23054 | D:12     | 23054 ||| SWAPPING to +0 demon whip of venom.
 23056 | D:12     | 23056 ||| INVOKING Brothers in Arms.
 23057 | D:12     | 23057 ||| INVOKING Brothers in Arms.
 23058 | D:12     | 23058 ||| INVOKING Brothers in Arms.
 23059 | D:12     | 23059 ||| INVOKING Berserk.
 23061 | D:12     | Reached skill level 18 in Fighting
 23083 | D:12     | 23083 ||| SWAPPING to +2 war axe.
 23188 | D:12     | Noticed Psyche
 23193 | D:12     | Killed Psyche
 23200 | D:12     | 23200 ||| Stepping ~*~*~tactically~*~*~ (stealth).
 23203 | D:12     | 23203 ||| Stepping ~*~*~tactically~*~*~ (stealth).
 23234 | D:12     | 23234 ||| Stepping ~*~*~tactically~*~*~ (stealth).
 23235 | D:12     | 23235 ||| Stepping ~*~*~tactically~*~*~ (stealth).
 23290 | D:12     | 23290 ||| Stepping ~*~*~tactically~*~*~ (stealth).
 23291 | D:12     | 23291 ||| Stepping ~*~*~tactically~*~*~ (stealth).
 23295 | D:12     | 23295 ||| Stepping ~*~*~tactically~*~*~ (stealth).
 23306 | D:12     | 23306 ||| Stepping ~*~*~tactically~*~*~ (stealth).
 23309 | D:12     | 23309 ||| Stepping ~*~*~tactically~*~*~ (hiding).
 23317 | D:12     | 23317 ||| Stepping ~*~*~tactically~*~*~ (stealth).
 23341 | D:12     | Noticed Erolcha
 23341 | Abyss:2  | Cast into level 2 of the Abyss (Erolcha)
 23345 | Abyss:2  | 23345 ||| Stepping ~*~*~tactically~*~*~ (stealth).
 23346 | Abyss:2  | 23346 ||| Stepping ~*~*~tactically~*~*~ (stealth).
 23425 | Abyss:2  | Found a basalt altar of Yredelemnul.
 23444 | Abyss:2  | 23444 ||| INVOKING Trog's Hand.
 23449 | Abyss:2  | 23449 ||| INVOKING Berserk.
 23470 | Abyss:2  | 23470 ||| Stepping ~*~*~tactically~*~*~ (stealth).
 23472 | Abyss:2  | 23472 ||| INVOKING Trog's Hand.
 23488 | Abyss:2  | 23488 ||| INVOKING Trog's Hand.
 23519 | Abyss:2  | Noticed a tentacled starspawn
 23524 | Abyss:2  | 23524 ||| INVOKING Berserk.
 23532 | Abyss:2  | Killed a tentacled starspawn
 23533 | Abyss:2  | Reached XP level 15. HP: 130/149 MP: 14/14
 23538 | Abyss:2  | 23538 ||| INVOKING Trog's Hand.
 23563 | Abyss:2  | 23563 ||| INVOKING Trog's Hand.
 23587 | Abyss:2  | 23587 ||| INVOKING Trog's Hand.
 23643 | Abyss:2  | 23643 ||| Stepping randomly (cloudy).
 23955 | Abyss:2  | 23955 ||| Stepping randomly (cloudy).
 23956 | Abyss:2  | 23956 ||| UPGRADING to +0 pair of boots.
 23961 | Abyss:2  | 23961 ||| READING scroll of enchant armour.
 23961 | Abyss:2  | 23961 ||| ENCHANTING +0 pair of boots.
 24118 | Abyss:2  | Noticed a tentacled starspawn
 24123 | Abyss:2  | Killed a tentacled starspawn
 24253 | Abyss:2  | 24253 ||| Stepping ~*~*~tactically~*~*~ (stealth).
 24255 | Abyss:2  | 24255 ||| Stepping ~*~*~tactically~*~*~ (stealth).
 24256 | Abyss:2  | 24256 ||| Stepping ~*~*~tactically~*~*~ (stealth).
 24257 | Abyss:2  | 24257 ||| Stepping ~*~*~tactically~*~*~ (stealth).
 24266 | Abyss:2  | 24266 ||| INVOKING Berserk.
 24276 | Abyss:2  | 24276 ||| INVOKING Trog's Hand.
 24307 | Abyss:2  | 24307 ||| Stepping ~*~*~tactically~*~*~ (stealth).
 24312 | Abyss:2  | 24312 ||| Stepping ~*~*~tactically~*~*~ (stealth).
 24329 | Abyss:2  | 24329 ||| Stepping ~*~*~tactically~*~*~ (stealth).
 24338 | Abyss:2  | 24338 ||| Stepping ~*~*~tactically~*~*~ (stealth).
 24362 | Abyss:2  | 24362 ||| Stepping ~*~*~tactically~*~*~ (stealth).
 24364 | Abyss:2  | 24364 ||| Stepping ~*~*~tactically~*~*~ (stealth).
 24365 | Abyss:2  | 24365 ||| Stepping ~*~*~tactically~*~*~ (stealth).
 24430 | Abyss:2  | 24430 ||| Stepping ~*~*~tactically~*~*~ (hiding).
 24488 | Abyss:2  | 24488 ||| Stepping ~*~*~tactically~*~*~ (stealth).
 24489 | Abyss:2  | 24489 ||| Stepping ~*~*~tactically~*~*~ (stealth).
 24516 | D:12     | Escaped the Abyss
 24517 | D:12     | 24517 ||| INVOKING Trog's Hand.
 24524 | D:12     | Killed Erolcha
 24525 | D:12     | Reached skill level 9 in Throwing
 24548 | D:12     | 24548 ||| Stepping ~*~*~tactically~*~*~ (hiding).
 24655 | D:12     | Noticed Azrael
 24663 | D:12     | 24663 ||| INVOKING Berserk.
 24677 | D:12     | Killed Azrael
 24889 | D:12     | 24889 ||| Stepping ~*~*~tactically~*~*~ (stealth).
 25156 | D:13     | 25156 ||| PLANNING GAUNTLET
 25560 | D:13     | 25560 ||| INVOKING Berserk.
 25702 | D:13     | 25702 ||| RIP GAUNTLET
 25703 | D:13     | 25703 ||| PLANNING D
 25766 | D:13     | 25766 ||| Stepping ~*~*~tactically~*~*~ (hiding).
 26371 | D:14     | Found a gate to the Vaults.
 26459 | D:14     | 26459 ||| INVOKING Berserk.
 26579 | D:14     | Reached skill level 19 in Fighting
 27081 | D:14     | 27081 ||| UPGRADING to amulet of reflection.
 27091 | D:14     | 27091 ||| DROPPING amulet of regeneration.
 27109 | D:15     | Entered Level 15 of the Dungeon
 27144 | D:15     | 27144 ||| SWAPPING to +0 broad axe.
 27145 | D:15     | 27145 ||| DROPPING +2 war axe.
 27263 | D:15     | 27263 ||| Stepping ~*~*~tactically~*~*~ (hiding).
 27719 | D:15     | 27719 ||| Stepping ~*~*~tactically~*~*~ (hiding).
 27748 | D:15     | Found a staircase to the Depths.
 27749 | D:15     | 27749 ||| INVOKING Berserk.
 27871 | D:15     | 27871 ||| PLANNING ORC
 27871 | D:15     | 27871 ||| DROPPING +0 plate armour.
 27872 | D:15     | 27872 ||| UPGRADING to +0 kite shield.
 27882 | D:15     | 27882 ||| DROPPING +0 buckler.
 28029 | Orc:1    | Entered Level 1 of the Orcish Mines
 28228 | Orc:1    | 28228 ||| Stepping ~*~*~tactically~*~*~ (stealth).
 28232 | Orc:1    | 28232 ||| Stepping ~*~*~tactically~*~*~ (hiding).
 28438 | Orc:1    | Found Qir Hem's Book Shoppe.
 28568 | Orc:2    | Entered Level 2 of the Orcish Mines
 28630 | Orc:2    | 28630 ||| INVOKING Trog's Hand.
 28635 | Orc:2    | 28635 ||| INVOKING Berserk.
 28717 | Orc:2    | 28717 ||| INVOKING Berserk.
 29034 | Orc:2    | Found a staircase to the Elven Halls.
 29094 | Orc:2    | 29094 ||| Stepping ~*~*~tactically~*~*~ (hiding).
 29099 | Orc:2    | 29099 ||| INVOKING Trog's Hand.
 29102 | Orc:2    | Found Foch's Distillery.
 29103 | Orc:2    | 29103 ||| INVOKING Berserk.
 29112 | Orc:2    | Found Macuruf's Jewellery Shoppe.
 29137 | Orc:2    | HP: 35/152 [orc priest/divine providence (16)]
 29138 | Orc:2    | 29138 ||| READING 6 scrolls of teleportation.
 29138 | Orc:2    | HP: 15/152 [orc knight/+2 long sword of protection (22)]
 29138 | Orc:2    | HP: 6/152 [orc warrior/+0 halberd (4)]
 29139 | Orc:2    | 29139 ||| DRINKING 4 potions of heal wounds.
 29139 | Orc:2    | HP: 2/152 [orange demon[an orc high priest] (2)]
 29140 | Orc:2    | 29140 ||| DRINKING 3 potions of heal wounds.
 29595 | Orc:2    | 29595 ||| Stepping ~*~*~tactically~*~*~ (stealth).
 29601 | Orc:2    | 29601 ||| Stepping ~*~*~tactically~*~*~ (stealth).
 29603 | Orc:2    | 29603 ||| INVOKING Trog's Hand.
 29606 | Orc:2    | Noticed an orc warlord
 29609 | Orc:2    | 29609 ||| INVOKING Berserk.
 29619 | Orc:2    | Killed an orc warlord
 29746 | Orc:2    | 29746 ||| INVOKING Berserk.
 29886 | Orc:2    | 29886 ||| Stepping ~*~*~tactically~*~*~ (hiding).
 29889 | Orc:2    | 29889 ||| INVOKING Trog's Hand.
 29890 | Orc:2    | 29890 ||| INVOKING Berserk.
 30067 | Orc:2    | 30067 ||| INVOKING Berserk.
 30197 | Orc:2    | Found Riublog's Antique Weapon Shop.
 30198 | Orc:2    | Found Fiul's Armour Shoppe.
 30213 | Orc:2    | 30213 ||| BUYING 2 potions of curing (72 gold).
 30213 | Orc:2    | Bought 2 potions of curing for 72 gold pieces
 30213 | Orc:2    | 30213 ||| BUYING potion of curing (36 gold).
 30213 | Orc:2    | Bought a potion of curing for 36 gold pieces
 30213 | Orc:2    | 30213 ||| BUYING potion of curing (36 gold).
 30213 | Orc:2    | Bought a potion of curing for 36 gold pieces
 30213 | Orc:2    | 30213 ||| BUYING potion of haste (120 gold).
 30213 | Orc:2    | Bought a potion of haste for 120 gold pieces
 30213 | Orc:2    | 30213 ||| BUYING potion of might (48 gold).
 30213 | Orc:2    | Bought a potion of might for 48 gold pieces
 30213 | Orc:2    | 30213 ||| BUYING potion of might (48 gold).
 30213 | Orc:2    | Bought a potion of might for 48 gold pieces
 30213 | Orc:2    | 30213 ||| BUYING potion of mutation (96 gold).
 30213 | Orc:2    | Bought a potion of mutation for 96 gold pieces
 30216 | Orc:2    | 30216 ||| BUYING +4 ring of evasion (648 gold).
 30216 | Orc:2    | Bought a +4 ring of evasion for 648 gold pieces
 30216 | Orc:2    | 30216 ||| BUYING ring of fire (450 gold).
 30216 | Orc:2    | Bought a ring of fire for 450 gold pieces
 30227 | Orc:2    | 30227 ||| BUYING runed war axe (182 gold).
 30227 | Orc:2    | Bought a runed war axe for 182 gold pieces
 30227 | Orc:2    | 30227 ||| DROPPING +0 war axe of freezing.
 30276 | Orc:2    | 30276 ||| PLANNING SWAMP:1-3
 30276 | Orc:2    | 30276 ||| DROPPING ring of resist corrosion.
 30277 | Orc:2    | 30277 ||| DROPPING ring of ice.
 30306 | Orc:2    | 30306 ||| Stepping ~*~*~tactically~*~*~ (hiding).
 30307 | Orc:2    | 30307 ||| Stepping ~*~*~tactically~*~*~ (hiding).
 30538 | Swamp:1  | Entered Level 1 of the Swamp
 30539 | Swamp:1  | 30539 ||| INVOKING Berserk.
 30544 | Swamp:1  | Reached skill level 18 in Axes
 30550 | Swamp:1  | 30550 ||| INVOKING Brothers in Arms.
 30553 | Swamp:1  | 30553 ||| SWAPPING to +0 demon whip of venom.
 30566 | Swamp:1  | HP: 32/152 [spriggan rider/+0 spear (7)]
 30567 | Swamp:1  | 30567 ||| READING 5 scrolls of teleportation.
 30568 | Swamp:1  | 30568 ||| DRINKING 2 potions of heal wounds.
 30569 | Swamp:1  | 30569 ||| SWAPPING to +0 broad axe.
 30571 | Swamp:1  | 30571 ||| SWAPPING to +0 demon whip of venom.
 30572 | Swamp:1  | 30572 ||| Stepping ~*~*~tactically~*~*~ (water).
 30572 | Swamp:1  | HP: 30/152 [six-headed hydra (9)]
 30573 | Swamp:1  | 30573 ||| READING 4 scrolls of teleportation.
 30574 | Swamp:1  | 30574 ||| DRINKING potion of heal wounds.
 30577 | Swamp:1  | HP: 32/152 [six-headed hydra (4)]
 30578 | Swamp:1  | Noticed Donald
 30579 | Swamp:1  | 30579 ||| READING 3 scrolls of teleportation.
 30580 | Swamp:1  | 30580 ||| SWAPPING to +0 broad axe.
 30583 | Swamp:1  | 30583 ||| READING 2 scrolls of teleportation.
 30585 | Swamp:1  | HP: 20/152 [tyrant leech (14)]
 30586 | Swamp:1  | 30586 ||| INVOKING Berserk.
 30595 | Swamp:1  | Mangled by Donald

Levels and vault maps discovered:
D:1:      amcnicky_arrival_choice, layout_basic, serial_shops, shop_coins
D:2:      layout_basic, ebering_ecumenical_altar_abandoned, uniq_sigmund
D:3:      layout_basic
D:4:      layout_cave_pools, evilmike_ruin_ashenzari, temple_pool_b,
          serial_shops, shop, portal_sewer_entry_a
D:5:      layout_basic, kennysheep_generic_room_7
D:6:      layout_loops_ring, nicolae_gozag_zags_fifth_avenue, uniq_blork_the_orc
D:7:      layout_loops_corners, yredelemnul_altar_generic, serial_bayou_pond_c,
          dreamdust_princess_bridge, minivault_19, uniq_menkaure
D:8:      layout_loops_ring, enter_bailey_3, serial_shops, nicolae_square_shop,
          kennysheep_mini_moat, nicolae_diamond_shop, uniq_joseph,
          uniq_gastronok, uniq_erica
D:9:      layout_loops_ring, due_lair_maze_entry_diamond,
          minmay_orc_entry_guard_dogs, uniq_maurice
D:10:     layout_small_grid, minmay_chambers_of_fives, uniq_snorg, uniq_fannar,
          uniq_sonja
D:11:     layout_rooms, xom_shifter_show, uniq_harold, uniq_grum
D:12:     layout_loops_ring, uniq_psyche, uniq_erolcha, uniq_azrael
D:13:     layout_long_grid, gauntlet_entry_generic
D:14:     layout_basic, david_vaults_1
D:15:     grunt_enter_depths_snipers, layout_basic, small_chamber_with_monster
Lair:1:   layout_regular_city
Lair:2:   statuecave_lemuel, layout_concentric_octagons,
          minmay_swamp_entry_worms, infiniplex_staircase_pool_2, uniq_urug
Lair:3:   layout_small_grid, nicolae_spider_entry_non_spiders,
          gammafunk_ghost_cemetery, st_stairs_7, grunt_megastairs_2,
          lemuel_fruit_fields, uniq_amaemon
Lair:4:   layout_cave_pods, minmay_slime_entry_oklob_open, guppyfry_lair_drakes,
          uniq_rupert
Lair:5:   minmay_lair_end_enchanted_forest, layout_long_grid,
          chequers_serial_rivers_room_a, evilmike_ambush
          [evilmike_ambush_outer_basic, evilmike_ambush_inner_pond]
Swamp:1:  layout_basic_swamp, basic_altar, uniq_donald
Orc:1:    layout_diamond_mine, serial_shops, nicolae_shop_advertising_works
          [nicolae_subvault_shop_adworks]
Orc:2:    st_orc_elflike, layout_diamond_mine

Skill      XL: |  1  2  3  4  5  6  7  8  9 10 11 12 13 14 15 |
---------------+----------------------------------------------+-----
Axes           | 4 5 7 8 9 10 12 13 15 16 18 | 18.0
Fighting       | 4 5 7 8 9 11 13 16 18 19 | 19.0
Armour         | 3 4 5 9 10 11 12 14 | 14.0
Throwing       | 1 6 8 9 |  9.0
Shields        | 5 7 9 10 11 | 11.6
Dodging        | 3 4 6 9 10 | 10.0

Action                   |  1- 3 |  4- 6 |  7- 9 | 10-12 | 13-15 || total
-------------------------+-------+-------+-------+-------+-------++-------
Melee: Hand axe          |    53 |    54 |       |       |       ||   107
       Headbutt          |     8 |    15 |    25 |    79 |   233 ||   360
       Kick              |     4 |    25 |    60 |   120 |   213 ||   422
       War axe           |       |    59 |   245 |   379 |   775 ||  1458
       Punch             |       |     1 |       |       |       ||     1
       Morningstar       |       |       |       |     3 |       ||     3
       Demon whip        |       |       |       |       |    35 ||    35
       Broad axe         |       |       |       |       |   183 ||   183
Throw: Boomerang         |       |       |    47 |    37 |    24 ||   108
       Javelin           |       |       |       |    25 |   119 ||   144
Invok: Berserk           |     3 |     3 |    16 |    19 |    35 ||    76
       Brothers in Arms  |       |       |       |     5 |     6 ||    11
       Trog's Hand       |       |       |       |       |    13 ||    13
  Use: Scroll            |     4 |     4 |     9 |     3 |    13 ||    33
       Potion            |     2 |       |     3 |     1 |     4 ||    10
Armor: Animal skin       |     8 |       |       |       |       ||     8
       Ring mail         |     5 |    10 |       |       |       ||    15
       Leather armour    |       |     6 |       |       |       ||     6
       Chain mail        |       |    37 |    39 |       |   387 ||   463
       Plate armour      |       |       |    30 |   120 |     3 ||   153
Dodge: Dodged            |    17 |    45 |   118 |   150 |   540 ||   870
Block: Buckler           |       |       |    17 |    68 |   214 ||   299
       Kite shield       |       |       |       |       |   161 ||   161
       Reflection        |       |       |       |       |    11 ||    11

Table legend:
 A = Non-vault XP
 B = Vault XP
 C = Vault XP percentage of total XP
 D = Non-vault monster count
 E = Vault monster count
 F = Vault count percentage of total count
                 A         B        C        D         E       F
            +---------+---------+-------+---------+---------+-------
      Total |  104583 |   47113 |  31.1 |     535 |     201 |  27.3
            +---------+---------+-------+---------+---------+-------
        D:1 |      31 |       0 |   0.0 |      19 |       0 |   0.0
        D:2 |      33 |     226 |  87.3 |      10 |       1 |   9.1
        D:3 |      35 |       0 |   0.0 |      12 |       0 |   0.0
        D:4 |     312 |      19 |   5.7 |       9 |       4 |  30.8
        D:5 |     546 |     362 |  39.9 |      17 |       4 |  19.0
        D:6 |    1016 |       0 |   0.0 |      21 |       0 |   0.0
        D:7 |    1379 |     181 |  11.6 |      35 |       4 |  10.3
        D:8 |    1267 |    2827 |  69.1 |      33 |       4 |  10.8
        D:9 |    3069 |    2274 |  42.6 |      33 |      15 |  31.2
       D:10 |    1582 |    4053 |  71.9 |       8 |       8 |  50.0
       D:11 |    2010 |    1501 |  42.8 |      16 |       6 |  27.3
       D:12 |    9530 |    2906 |  23.4 |      32 |       7 |  17.9
       D:13 |    7857 |       0 |   0.0 |      30 |       0 |   0.0
       D:14 |    4920 |    2318 |  32.0 |       8 |       3 |  27.3
       D:15 |    2076 |    3220 |  60.8 |       3 |       4 |  57.1
     Lair:1 |   10523 |       0 |   0.0 |      42 |       0 |   0.0
     Lair:2 |    6685 |    1836 |  21.5 |      26 |       5 |  16.1
     Lair:3 |    3898 |    4482 |  53.5 |      13 |      16 |  55.2
     Lair:4 |    9970 |    2919 |  22.6 |      26 |       4 |  13.3
     Lair:5 |   13252 |   10330 |  43.8 |      33 |      49 |  59.8
    Swamp:1 |    3284 |       0 |   0.0 |       6 |       0 |   0.0
      Orc:1 |     517 |       0 |   0.0 |      17 |       0 |   0.0
      Orc:2 |    6600 |    7310 |  52.6 |      52 |      24 |  31.6
    Abyss:2 |   14191 |      46 |   0.3 |      34 |       1 |   2.9
      Sewer |       0 |     303 | 100.0 |       0 |      42 | 100.0
            +---------+---------+-------+---------+---------+-------
